[Event "Early-Titled-Tuesday-Blitz-October-17-2023"]
[Site "Chess.com"]
[Date "2023.10.17"]
[Round "3"]
[White "AlexPapasimakopoulos"]
[Black "Manukyan_Artak"]
[Result "0-1"]
[WhiteElo "2690"]
[BlackElo "2487"]
[TimeControl "180+1"]
[EndTime "8:31:56 PDT"]
[Termination "Manukyan_Artak won by checkmate"]

1. d4 d5 2. c4 dxc4 3. Nf3 Nf6 4. e3 Bg4 5. Bxc4 e6 6. O-O c5 7. h3 Bh5 8. Nc3 Nc6 9. d5 exd5 10. Nxd5 Be7 11.
b3 O-O 12. Nxe7+ Qxe7 13. Bb2 Rfd8 14. Qc2 Bxf3 15. gxf3 Ne5 16. Be2 Ng6 17. Rfd1 Nd5 18. Qc4 Nxe3 19. fxe3 Qxe3+ 20. Kf1 Re8 21. Bc1 Qe7 22.
Rd5 Rac8 23. Bg5 Qe6 24. Kf2 h6 25. Bd2 b5 26. Qd3 Qxh3 27. Rg1 c4 28. bxc4 bxc4 29.
Qf5 Qh2+ 30. Rg2 Rxe2+ 31. Kxe2 Qxg2+ 32. Kd1 Rb8 33. Rd7 Qg1+ 34. Be1 Kh7 35. Rxf7 Qd4+ 36.
Ke2 Re8+ 37. Kf1 Qd3+ 38. Qxd3 cxd3 39. Rd7 Ne5 40. Rd5 Nxf3 41. Bc3 d2 42. Bxd2 Nxd2+ 43. Rxd2 Re5 44. Kf2 Ra5 45. Kg3 h5 46. Kh4 Kh6 47. Rd6+ g6 48. Rd2 Ra4+ 49. Kg3 h4+ 50. Kh3 g5 51.
Rc2 Kh5 52. Kh2 Ra3 53. Rd2 h3 54. Rc2 g4 55. Kh1 Kh4 56. Rd2 Rc3 57. Rd1 Kg3 58.
Rg1+ Kf4 59. Rf1+ Kg5 60. Rd1 Rc2 61. a4 Ra2 62. Rd5+ Kh4 63. Rd4 a5 64. Rc4 Re2 65. Kg1 Kg3 66. Rc3+ Kf4 67. Rc4+ Kf3 68. Rc3+ Re3 69.
Rc1 g3 70. Rf1+ Ke4 71. Rb1 Re2 72. Kf1 Rh2 73. Kg1 Rg2+ 74. Kh1 Ra2 75. Kg1 Kd4 76. Rd1+ Kc3 77. Re1 Kb4 78. Re4+ Kc5 79. Re5+ Kd4 80. Re1 Kd3 81. Rf1 Ke3 82. Re1+ Re2 83. Rc1 Kf3 84. Rc3+ Re3 85. Rc1 Ra3 86. Rf1+ Kg4 87. Rb1 Rxa4 88. Rc1 Ra3 89. Rd1 Kf3 90. Rf1+ Kg4 91.
Rc1 a4 92. Rd1 Kf4 93. Rf1+ Ke3 94. Re1+ Kf4 95. Rf1+ Rf3 96. Rb1 a3 97. Rc1 Rb3 98. Rf1+ Kg4 99. Rc1 a2 100. Rc4+ Kf3 101. Rc1 Rb1 102.
Re1 Rxe1# 0-1

[Event "Early-Titled-Tuesday-Blitz-October-17-2023"]
[Site "Chess.com"]
[Date "2023.10.17"]
[Round "3"]
[White "Sina_Movahed"]
[Black "Egor_Koshulyan"]
[Result "0-1"]
[WhiteElo "2990"]
[BlackElo "2733"]
[TimeControl "180+1"]
[EndTime "8:33:52 PDT"]
[Termination "Egor_Koshulyan won on time"]

1. e4 c5 2. Nf3 Nc6 3. d4 cxd4 4.
Nxd4 Nf6 5. Nc3 e5 6. Ndb5 d6 7. Nd5 Nxd5 8. exd5 Nb8 9. c4 a6 10. Nc3 Be7 11. Bd3 O-O 12. O-O f5 13. f3 Nd7 14. Kh1 g6 15. Rb1 Bg5 16. b4 b6 17. a3 e4 18. fxe4 f4 19. Bb2 Ne5 20. Be2 f3 21. Bxf3 Nxc4 22. Qe2 Nxb2 23. Rxb2 Bf6 24.
Rc2 Be5 25. g3 Bd7 26. Bg2 Rxf1+ 27. Bxf1 Qf6 28. Qe1 Rc8 29. Rf2 Bxc3 30. Rxf6 Bxe1 31. Rxd6 Bg4 32. Bxa6 Rc1 33. Kg2 Rc2+ 34. Kf1 Bc3 35. Bc8 Be2+ 36. Kf2 Bd4+ 37. Ke1 Bf3 38. Rc6 Re2+ 39.
Kd1 Rxe4+ 40. Kd2 Re5 41. Be6+ Kg7 42. Rc7+ Kh6 43. Bg8 Bxd5 44. Rxh7+ Kg5 45. Bxd5 Rxd5 46. Kc2 Bf6 47. h4+ Kg4 48. Rh6 Kf5 49. g4+ Kxg4 50. Rxg6+ Kf5 51. h5 Rd4 52. Rg8 Rh4 53. Rb8 Bd4 54.
Rd8 Be5 55. Rf8+ Kg5 56. Re8 Bd4 57. Kb3 Kxh5 58. a4 Bf2 59. Rf8 Be1 60. Rf5+ Kg6 61. Rb5 Bf2 62. Rd5 Be1 63. Rd6+ Kf7 64. Rxb6 Ke7 65.
b5 Kd7 66. Rc6 Rb4+ 67. Ka3 Rd4 68. Rg6 Bb4+ 69. Kb3 Bd6 70. Rh6 Rb4+ 71. Kc3 Rxa4 72. Rh7+ Kc8 73. Rh6 Bc7 74. Kb3 Ra5 75. Kb4 Ra1 76. Kc5 Rc1+ 77. Kd5 Kb7 78. Rc6 Rb1 79.
Kc4 Rc1+ 80. Kb4 Rh1 81. Kc4 Rh4+ 82. Kc5 Rh5+ 83. Kb4 Bb6 84. Rc4 Re5 85. Rg4 Bc7 86. Kc4 Kb6 87. Rg6+ Kb7 88. Rh6 Bb6 89. Rh7+ Kb8 90.
Rf7 Rc5+ 91. Kb4 Rc1 92. Rf6 Bc7 93. Rf7 Kb7 94. Rf6 Rd1 95. Kc5 Re1 96. b6 Rc1+ 97.
Kb5 Rb1+ 98. Kc4 Bxb6 99. Rf7+ Ka6 100. Rf3 Rc1+ 101. Rc3 Rh1 102. Ra3+ Kb7 103. Rf3 Rh4+ 104. Kd5 Rh5+ 105. Ke4 Bc7 106. Rf6 Kc8 107. Rf7 Kb7 108. Rf5 Rh4+ 109. Kd5 Rh1 110. Rf6 Rd1+ 111. Ke4 Bb6 112. Rg6 Ka6 113. Rg5 Bc7 114. Rd5 Re1+ 115. Kf5 Kb6 116. Rd4 Kc5 117. Re4 Rf1+ 118. Ke6 Bf4 119. Re2 Bg3 120. Re3 Bh4 121. Re4 Bd8 122. Re5+ Kc6 123. Re4 Rf6+ 124. Ke5 Rf8 125. Rc4+ Kd7 126. Kd5 Rf5+ 127. Ke4 Rh5 128. Rc2 Bc7 129. Rg2 Re5+ 130. Kd4 Rf5 131. Rg6 Bd6 132. Ke4 Re5+ 133. Kd4 Kc6 134. Kc4 Rh5 135. Kd4 Rh4+ 136. Kd3 Kd5 137. Rg8 Rh3+ 138. Ke2 Be5 139. Ra8 Ke4 140. Ra4+ Bd4 141. Kf1 Rh2 142. Rb4 Kf3 0-1

[Event "Early-Titled-Tuesday-Blitz-October-17-2023"]
[Site "Chess.com"]
[Date "2023.10.17"]
[Round "4"]
[White "bescmelasti"]
[Black "Josgar05"]
[Result "1-0"]
[WhiteElo "2622"]
[BlackElo "2355"]
[TimeControl "180+1"]
[EndTime "8:35:51 PDT"]
[Termination "bescmelasti won by resignation"]

1. e4 e6 2. d4 d5 3. Nc3 dxe4 4. Nxe4 Nd7 5. Nf3 Ngf6 6. Nxf6+ Nxf6 7. c3 Be7 8. g3 b6 9. Bb5+ Bd7 10. Be2 Bc6 11. O-O O-O 12. Ne5 Bb7 13. Bf3 c5 14. Bxb7 Rb8 15. Nc6 Qc7 16. Nxe7+ Qxe7 17. Bg2 Rfd8 18.
Bg5 h6 19. Bf4 cxd4 20. Bxb8 1-0

[Event "Early-Titled-Tuesday-Blitz-October-17-2023"]
[Site "Chess.com"]
[Date "2023.10.17"]
[Round "4"]
[White "I_am_Javi"]
[Black "Aash20"]
[Result "1-0"]
[WhiteElo "2737"]
[BlackElo "2543"]
[TimeControl "180+1"]
[EndTime "8:35:56 PDT"]
[Termination "I_am_Javi won by checkmate"]

1. e4 e5 2. Nf3 Nc6 3. d4 exd4 4. Bc4 Nf6 5. O-O d6 6. Nxd4 Be7 7. Nxc6 bxc6 8.
Nc3 O-O 9. Kh1 Be6 10. Bd3 Qd7 11. f4 Bg4 12. Qe1 Qd8 13. Bd2 Bd7 14. Qg3 c5 15. Rae1 Bc6 16. e5 dxe5 17. fxe5 Nd5 18. Qh3 Nxc3 19.
Qxh7# 1-0

[Event "Early-Titled-Tuesday-Blitz-October-17-2023"]
[Site "Chess.com"]
[Date "2023.10.17"]
[Round "4"]
[White "Haykoooo0o"]
[Black "ivana_999"]
[Result "1-0"]
[WhiteElo "2445"]
[BlackElo "2103"]
[TimeControl "180+1"]
[EndTime "8:36:02 PDT"]
[Termination "Haykoooo0o won by resignation"]

1. Nf3 d5 2. e3 c5 3. Bb5+ Bd7 4. Bxd7+ Nxd7 5. O-O Ngf6 6. c4 e6 7. cxd5 exd5 8. b3 Be7 9. Bb2 O-O 10. d4 cxd4 11.
Nxd4 Nc5 12. Nc3 Ne6 13. Nf5 Rc8 14. Rc1 Bb4 15. Qd3 Qd7 16. Rfd1 Rfd8 17. h3 Nc5 18.
Qb1 Nce4 19. Nxe4 Qxf5 20. Nxf6+ 1-0

[Event "Early-Titled-Tuesday-Blitz-October-17-2023"]
[Site "Chess.com"]
[Date "2023.10.17"]
[Round "4"]
[White "HouseOfDurin"]
[Black "Lion_DL"]
[Result "1-0"]
[WhiteElo "2294"]
[BlackElo "2447"]
[TimeControl "180+1"]
[EndTime "8:36:21 PDT"]
[Termination "HouseOfDurin won by resignation"]

1. d4 Nf6 2. Bg5 e6 3. e4 h6 4. Bxf6 Qxf6 5. Nc3 c5 6. d5 e5 7. d6 Qxd6 8. Qxd6 Bxd6 9. Nb5 Be7 10. Nc7+ Kd8 11. Nxa8 b6 12. O-O-O Bb7 13. Nxb6 axb6 14. f3 Nc6 15. Bc4 f6 16. Bd5 Kc7 17. Ne2 Nb4 18.
Bxb7 1-0

[Event "Early-Titled-Tuesday-Blitz-October-17-2023"]
[Site "Chess.com"]
[Date "2023.10.17"]
[Round "4"]
[White "ssunu"]
[Black "GAusal"]
[Result "0-1"]
[WhiteElo "1928"]
[BlackElo "2271"]
[TimeControl "180+1"]
[EndTime "8:37:03 PDT"]
[Termination "GAusal won by resignation"]

1. e4 e5 2. Nf3 Nc6 3. Bc4 f5 4. d3 d6 5. Ng5 Nh6 6. Nc3 f4 7. Qh5+ g6 8. Qh4 Nd4 9. O-O c6 10. Bd2 b5 11. Bb3 Nxb3 12. axb3 Nf7 13. Nf3 Be7 0-1

[Event "Early-Titled-Tuesday-Blitz-October-17-2023"]
[Site "Chess.com"]
[Date "2023.10.17"]
[Round "4"]
[White "Aslanov_Umid"]
[Black "LeoWin2012"]
[Result "1-0"]
[WhiteElo "2506"]
[BlackElo "2310"]
[TimeControl "180+1"]
[EndTime "8:37:14 PDT"]
[Termination "Aslanov_Umid won by resignation"]

1. e4 c6 2. d4 d6 3. Nd2 e5 4. Ngf3 exd4 5. Nxd4 g6 6. a4 Bg7 7. N2f3 a5 8. Bc4 Nf6 9. Qe2 O-O 10. Bd3 Re8 11. O-O d5 12. e5 Nfd7 13. Bf4 c5 14.
Nb5 Nc6 15. Nd6 Rf8 16. Bb5 Qe7 17. Bxc6 bxc6 18. Rfe1 Ba6 19. Qe3 d4 20. Qd2 Nb6 21. Bh6 Bxh6 22. Qxh6 Rad8 23. Ng5 1-0

[Event "Early-Titled-Tuesday-Blitz-October-17-2023"]
[Site "Chess.com"]
[Date "2023.10.17"]
[Round "4"]
[White "maurovargas01"]
[Black "rikchessmx"]
[Result "0-1"]
[WhiteElo "1900"]
[BlackElo "2266"]
[TimeControl "180+1"]
[EndTime "8:37:14 PDT"]
[Termination "rikchessmx won by resignation"]

1. e4 d5 2. e5 c5 3. f4 a6 4. Nf3 Bf5 5. d3 Nc6 6. g3 e6 7.
Bg2 h5 8. h3 Qc7 9. O-O f6 10.
exf6 gxf6 11. Nc3 O-O-O 12. a3 Bd6 13. Rb1 Qg7 14. Kh2 Nh6 15. Bd2 Nd4 16. Nxd4 cxd4 17. Ne2 e5 18. fxe5 Bxe5 19. c3 Bxd3 20. Nxd4 Qxg3+ 21. Kg1 Bxf1 22. Qxf1 Rhg8 23. Nf3 Bc7 24. Be1 Qg6 25.
Kh1 Qxb1 0-1

[Event "Early-Titled-Tuesday-Blitz-October-17-2023"]
[Site "Chess.com"]
[Date "2023.10.17"]
[Round "4"]
[White "jaskol95"]
[Black "Sina_Movahed"]
[Result "1-0"]
[WhiteElo "2607"]
[BlackElo "2975"]
[TimeControl "180+1"]
[EndTime "8:37:30 PDT"]
[Termination "jaskol95 won by resignation"]

1. d4 Nf6 2. Nc3 d5 3. Bf4 c6 4. e3 Nbd7 5. Nf3 g6 6. h4 Bg7 7. Ne5 O-O 8. Be2 h5 9. f3 Qb6 10. Rb1 c5 11. g4 cxd4 12. exd4 hxg4 13. fxg4 Qa5 14. h5 g5 15. h6 gxf4 16. hxg7 Kxg7 17.
Qd3 Ne4 18. Qh3 Ndf6 19. Qh6+ 1-0

[Event "Early-Titled-Tuesday-Blitz-October-17-2023"]
[Site "Chess.com"]
[Date "2023.10.17"]
[Round "4"]
[White "Maitreia"]
[Black "Sekar24"]
[Result "1-0"]
[WhiteElo "2693"]
[BlackElo "2527"]
[TimeControl "180+1"]
[EndTime "8:37:39 PDT"]
[Termination "Maitreia won by resignation"]

1. c4 Nf6 2. Nc3 e5 3. g3 d5 4. cxd5 Nxd5 5. Bg2 Nb6 6. Nf3 Nc6 7. O-O Be7 8. Rb1 O-O 9. b4 Bf5 10. b5 Bxb1 11.
bxc6 Bf5 12. cxb7 Rb8 13. Nxe5 Bd7 14. d4 Bd6 15. Nc6 Bxc6 16. Bxc6 Qf6 17. Ne4 Qe7 18. Nxd6 Qxd6 19. d5 f5 20. Bf4 Qd8 21. d6 cxd6 22.
Bxd6 1-0

[Event "Early-Titled-Tuesday-Blitz-October-17-2023"]
[Site "Chess.com"]
[Date "2023.10.17"]
[Round "4"]
[White "midedu"]
[Black "Logman74"]
[Result "0-1"]
[WhiteElo "2000"]
[BlackElo "2430"]
[TimeControl "180+1"]
[EndTime "8:37:50 PDT"]
[Termination "Logman74 won by resignation"]

1. e4 c5 2. Nc3 Nc6 3. g3 g6 4. Bg2 Bg7 5. Nge2 d6 6. O-O e6 7.
h3 Nge7 8. d3 O-O 9. Be3 Qc7 10.
d4 cxd4 11. Nxd4 a6 12. f4 Nxd4 13. Bxd4 e5 14. fxe5 dxe5 15. Be3 Be6 16. Nd5 Nxd5 17. exd5 Rad8 18. Qd2 e4 19. c4 Qxc4 20. Rad1 Rxd5 21.
Qf2 Rfd8 22. Rc1 Qd3 23. Rce1 Rf5 0-1

[Event "Early-Titled-Tuesday-Blitz-October-17-2023"]
[Site "Chess.com"]
[Date "2023.10.17"]
[Round "4"]
[White "Bauman_Guy"]
[Black "knightinshiningarmour16"]
[Result "1-0"]
[WhiteElo "2848"]
[BlackElo "2142"]
[TimeControl "180+1"]
[EndTime "8:37:54 PDT"]
[Termination "Bauman_Guy won by checkmate"]

1. e4 c6 2. d4 d5 3. e5 Bf5 4. h4 h5 5. Bd3 Bxd3 6. Qxd3 e6 7.
Nf3 Ne7 8. Bg5 Nd7 9. Nbd2 f6 10. Bf4 Qb6 11. O-O Nf5 12. Rfe1 Kf7 13. exf6 gxf6 14. Rxe6 Kxe6 15. Re1+ Ne3 16. Rxe3+ Kf7 17. Qf5 Rd8 18. Ng5+ Kg8 19. Qg6+ Bg7 20. Qf7# 1-0

[Event "Early-Titled-Tuesday-Blitz-October-17-2023"]
[Site "Chess.com"]
[Date "2023.10.17"]
[Round "4"]
[White "stasOR4ik"]
[Black "lluiss"]
[Result "1-0"]
[WhiteElo "2456"]
[BlackElo "2154"]
[TimeControl "180+1"]
[EndTime "8:38:01 PDT"]
[Termination "stasOR4ik won by resignation"]

1. c4 Nf6 2. Nc3 d5 3. cxd5 Nxd5 4. e4 Nxc3 5. bxc3 c5 6. Nf3 g6 7. Bc4 Bg7 8. O-O O-O 9. Rb1 Nc6 10. Bd5 e6 11. Bxc6 bxc6 12. Ba3 Qa5 13. Qc1 Ba6 14. Re1 Bd3 15. Rb3 Bc4 16. Rb7 Rab8 17. Rd7 Rfd8 18.
Rxd8+ Rxd8 19. d4 Bf8 20. Ne5 Qc7 21. Nxc4 1-0

[Event "Early-Titled-Tuesday-Blitz-October-17-2023"]
[Site "Chess.com"]
[Date "2023.10.17"]
[Round "4"]
[White "KVAIDAN"]
[Black "DTChess"]
[Result "1-0"]
[WhiteElo "2282"]
[BlackElo "2579"]
[TimeControl "180+1"]
[EndTime "8:38:12 PDT"]
[Termination "KVAIDAN won by resignation"]

1. f4 Nf6 2. Nf3 g6 3. d3 Bg7 4. e4 d6 5. Nc3 O-O 6. Be2 c5 7. O-O Nc6 8. Qe1 Ne8 9. Qh4 Nc7 10. f5 Ne5 11. Bg5 f6 12. Bh6 Nxf3+ 13. Bxf3 Bd7 14.
fxg6 hxg6 15. Bd2 Kf7 16. Bg4 Rh8 17. Qg3 Bxg4 18. Qxg4 Qc8 19. Qg3 Qe6 20. Rae1 Rh7 21. e5 Qd7 22. Ne4 Rah8 23. Ng5+ Kg8 24. Nxh7 Kxh7 25.
exd6 exd6 26. Bf4 Bf8 27. Re2 Nd5 28. Rfe1 Kg7 29. c4 Nxf4 30. Qxf4 d5 31. Re6 1-0

[Event "Early-Titled-Tuesday-Blitz-October-17-2023"]
[Site "Chess.com"]
[Date "2023.10.17"]
[Round "4"]
[White "blitzo_vich"]
[Black "stollenmonster"]
[Result "0-1"]
[WhiteElo "2607"]
[BlackElo "2814"]
[TimeControl "180+1"]
[EndTime "8:38:15 PDT"]
[Termination "stollenmonster won by resignation"]

1. b3 Nf6 2. Bb2 e6 3. g3 d5 4. Bg2 Be7 5. Nf3 O-O 6. O-O c5 7. d3 Nc6 8. Nbd2 d4 9. e4 dxe3 10. fxe3 Nd5 11. Qe2 Bf6 12. Bxf6 Qxf6 13. Ne4 Qe7 14.
c4 Nb6 15. Nfg5 f5 16. Nxh7 Kxh7 17. Qh5+ Kg8 18. Ng5 g6 19. Qxg6+ Qg7 20. Qh5 Bd7 21.
h4 Ne5 22. Rad1 Ng4 23. e4 Be8 24. Nxe6 Bxh5 25. Nxg7 Kxg7 0-1

[Event "Early-Titled-Tuesday-Blitz-October-17-2023"]
[Site "Chess.com"]
[Date "2023.10.17"]
[Round "4"]
[White "lefonghua"]
[Black "chrisclaireredfield"]
[Result "1/2-1/2"]
[WhiteElo "2664"]
[BlackElo "2524"]
[TimeControl "180+1"]
[EndTime "8:38:18 PDT"]
[Termination "Game drawn by repetition"]

1. d4 d5 2. c4 e6 3. Nc3 Be7 4. cxd5 exd5 5. Bf4 c6 6. e3 Bf5 7. Bd3 Bxd3 8. Qxd3 Nd7 9. Nf3 Ngf6 10. h3 O-O 11. O-O Re8 12. Rab1 a5 13. Ne5 Nxe5 14. Bxe5 Bd6 15. Bxd6 Qxd6 16. Rfe1 Ne4 17. Nxe4 Rxe4 18. f3 Re7 19. Re2 Rae8 20. Rbe1 g6 21. Qc3 Qb4 22. a3 Qxc3 23. bxc3 f5 24. Kf2 b5 25. g3 Kf7 26.
Rb1 Ke6 27. a4 Rb8 28. Reb2 Reb7 29. Ke2 Kd6 30. Kd3 b4 31. cxb4 axb4 32. a5 Ra8 33. Rxb4 Rxb4 34. Rxb4 Rxa5 35. Rb7 Ra3+ 36. Kd2 Ra2+ 37.
Kd3 Ra3+ 38. Kd2 Ra2+ 39. Kd3 Ra3+ 1/2-1/2

[Event "Early-Titled-Tuesday-Blitz-October-17-2023"]
[Site "Chess.com"]
[Date "2023.10.17"]
[Round "4"]
[White "SlavenPastar"]
[Black "chenrip"]
[Result "1-0"]
[WhiteElo "2660"]
[BlackElo "2482"]
[TimeControl "180+1"]
[EndTime "8:38:19 PDT"]
[Termination "SlavenPastar won on time"]

1. b3 b5 2. Bb2 Bb7 3. e3 a6 4. Nf3 Nf6 5. Be2 e6 6. O-O Be7 7. c4 b4 8. d4 d5 9. c5 c6 10. a3 a5 11. axb4 axb4 12. Rxa8 Bxa8 13. Qe1 Qa5 14.
Ba3 Na6 15. Bxa6 Qxa6 16. Qxb4 O-O 17. Nc3 1-0

[Event "Early-Titled-Tuesday-Blitz-October-17-2023"]
[Site "Chess.com"]
[Date "2023.10.17"]
[Round "4"]
[White "baki83"]
[Black "crazy_but_lazy"]
[Result "1-0"]
[WhiteElo "2818"]
[BlackElo "2622"]
[TimeControl "180+1"]
[EndTime "8:38:25 PDT"]
[Termination "baki83 won by resignation"]

1. e4 e5 2. Nf3 Nc6 3. Bb5 a6 4. Ba4 Nf6 5. O-O Be7 6. Bxc6 dxc6 7. Re1 Nd7 8. c3 O-O 9. d4 Bd6 10. Nbd2 Re8 11. Nc4 Qe7 12. dxe5 Nxe5 13. Ncxe5 Bxe5 14. Nxe5 Qxe5 15. Qf3 Be6 16. Bf4 Qa5 17. Qg3 Rac8 18. Be5 g6 19. b4 Qb5 20. a4 Qc4 21. Qg5 Bg4 22. Bf6 1-0

[Event "Early-Titled-Tuesday-Blitz-October-17-2023"]
[Site "Chess.com"]
[Date "2023.10.17"]
[Round "4"]
[White "Zurability"]
[Black "The_Sherman_Variation"]
[Result "1-0"]
[WhiteElo "2743"]
[BlackElo "2551"]
[TimeControl "180+1"]
[EndTime "8:38:27 PDT"]
[Termination "Zurability won by resignation"]

1. d4 e6 2. Nf3 d5 3. Bf4 Nf6 4. e3 Bd6 5. Bg3 c5 6. Nbd2 Nc6 7. c3 h6 8. Bd3 Rb8 9. dxc5 Bxg3 10. hxg3 a5 11.
e4 dxe4 12. Nxe4 Nxe4 13. Bxe4 Qe7 14. Qd6 Qxd6 15. cxd6 Bd7 16. O-O-O f6 17. Rh5 b6 18. Bg6+ Kd8 19. Rh4 e5 20. Rc4 Rb7 21. Nh4 b5 22. Rc5 Nb8 23. Be4 Rb6 24. Rc7 Re8 25. Nf5 Rg8 26. Ra7 a4 27. Ne7 Re8 28. Bg6 Rf8 29. Bf5 Rf7 30. Bxd7 Nxd7 31. Ra8+ Nb8 32. Rxb8+ Rxb8 33. Nc6+ 1-0

[Event "Early-Titled-Tuesday-Blitz-October-17-2023"]
[Site "Chess.com"]
[Date "2023.10.17"]
[Round "4"]
[White "falzehope0"]
[Black "Mr_Lion22"]
[Result "1-0"]
[WhiteElo "2339"]
[BlackElo "2494"]
[TimeControl "180+1"]
[EndTime "8:38:31 PDT"]
[Termination "falzehope0 won by resignation"]

1. d4 Nf6 2. e3 g6 3. Bd3 Bg7 4. f4 O-O 5. Nf3 d5 6. O-O c5 7.
c3 Nc6 8. Nbd2 Bf5 9. Bxf5 gxf5 10. b3 e6 11. Ba3 Ne4 12. Nxe4 dxe4 13. Ne5 Nxe5 14.
fxe5 b6 15. Qh5 Qc7 16. g4 fxg4 17. Qxg4 Qc6 18. Rf4 Kh8 19. Kh1 Rg8 20. Qh5 cxd4 21. Rh4 h6 22. Rg1 Bf8 23. Qxh6+ 1-0

[Event "Early-Titled-Tuesday-Blitz-October-17-2023"]
[Site "Chess.com"]
[Date "2023.10.17"]
[Round "4"]
[White "kleinebeer98"]
[Black "brm72"]
[Result "0-1"]
[WhiteElo "2837"]
[BlackElo "2519"]
[TimeControl "180+1"]
[EndTime "8:38:34 PDT"]
[Termination "brm72 won by resignation"]

1. a4 e5 2. Ra3 Bxa3 3. Nxa3 Nf6 4. b3 O-O 5. Bb2 d6 6. e3 Nc6 7. Nf3 Bg4 8. h3 Bxf3 9. Qxf3 d5 10. Bb5 Re8 11. O-O a6 12. Bxc6 bxc6 13. d3 c5 14. Nb1 Rb8 15. Nd2 Qd6 16. Qg3 Qe6 17. Kh2 g6 18.
Nf3 Nh5 19. Qh4 Rb4 20. g4 f6 21. Rg1 Ng7 22. Qh6 c4 23. dxc4 dxc4 24. Bc3 Rbb8 25.
b4 Qc6 26. Nh4 Qe4 27. f4 Qxc2+ 28. Bd2 Qxd2+ 29. Rg2 Qxe3 30. Nf5 Qxf4+ 0-1

[Event "Early-Titled-Tuesday-Blitz-October-17-2023"]
[Site "Chess.com"]
[Date "2023.10.17"]
[Round "4"]
[White "AsadliVugar"]
[Black "Egor_Koshulyan"]
[Result "1/2-1/2"]
[WhiteElo "2886"]
[BlackElo "2736"]
[TimeControl "180+1"]
[EndTime "8:38:37 PDT"]
[Termination "Game drawn by repetition"]

1. e4 c5 2. Nc3 Nc6 3. Nf3 Nf6 4. Bb5 g5 5. e5 g4 6. exf6 gxf3 7. Bxc6 dxc6 8.
Qxf3 exf6 9. O-O Be7 10. d3 Be6 11. Bf4 Rg8 12. Qh5 Qd4 13. Be3 Qb4 14. Ne4 f5 15.
Ng5 O-O-O 16. Nxe6 fxe6 17. Qf7 Rxg2+ 18. Kxg2 Qg4+ 19.
Kh1 Qf3+ 20. Kg1 Qg4+ 21. Kh1 Qf3+ 22. Kg1 Qg4+ 23. Kh1 1/2-1/2

[Event "Early-Titled-Tuesday-Blitz-October-17-2023"]
[Site "Chess.com"]
[Date "2023.10.17"]
[Round "4"]
[White "GMMatamoros"]
[Black "jcibarra"]
[Result "0-1"]
[WhiteElo "2577"]
[BlackElo "2894"]
[TimeControl "180+1"]
[EndTime "8:38:37 PDT"]
[Termination "jcibarra won by resignation"]

1. e4 c5 2. d4 cxd4 3. c3 Nf6 4. e5 Nd5 5. cxd4 d6 6. exd6 Qxd6 7. Nc3 g6 8. Bc4 Nb6 9. Bb3 Bg7 10. Nf3 O-O 11. O-O Nc6 12. d5 Na5 13. Bg5 Bf5 14. Re1 Rfe8 15.
Nd4 Bd7 16. Bh4 Qb4 17. Nf3 Nbc4 18. Ne5 Nxe5 0-1

[Event "Early-Titled-Tuesday-Blitz-October-17-2023"]
[Site "Chess.com"]
[Date "2023.10.17"]
[Round "4"]
[White "Gravity_Chess"]
[Black "Kildepiotr"]
[Result "1-0"]
[WhiteElo "2863"]
[BlackElo "2645"]
[TimeControl "180+1"]
[EndTime "8:38:49 PDT"]
[Termination "Gravity_Chess won by resignation"]

1. b3 d5 2. Bb2 c5 3. e3 a6 4.
g3 Nc6 5. Bg2 Nf6 6. Nf3 Bg4 7.
h3 Bh5 8. O-O e6 9. d3 Be7 10.
Nbd2 O-O 11. Qe2 b5 12. c4 Bg6 13. Nh4 Nb4 14. Nxg6 hxg6 15. a3 Nc6 16. Rfc1 Rb8 17. Rab1 Na5 18. Bxf6 gxf6 19. cxd5 exd5 20. b4 cxb4 21.
axb4 Nb7 22. Nb3 Bxb4 23. Nd4 Bc5 24. Nc6 Qd6 25. Nxb8 Rxb8 26. Qa2 d4 27. e4 Qb6 28. e5 fxe5 29. Bxb7 Rxb7 30. Qd5 Bf8 31. Rc6 Qa7 32. Rxg6+ Bg7 33. Rd6 1-0

[Event "Early-Titled-Tuesday-Blitz-October-17-2023"]
[Site "Chess.com"]
[Date "2023.10.17"]
[Round "4"]
[White "nitpicker"]
[Black "Journey_to_GrandMaster_YT"]
[Result "0-1"]
[WhiteElo "2252"]
[BlackElo "2616"]
[TimeControl "180+1"]
[EndTime "8:38:51 PDT"]
[Termination "Journey_to_GrandMaster_YT won by resignation"]

1. d4 d6 2. e4 Nf6 3. Nc3 e5 4. Nge2 Be7 5. h3 O-O 6. g4 c6 7. a4 a5 8. Be3 Nbd7 9. Bg2 Ne8 10. O-O Bg5 11. f4 exf4 12. Bxf4 Bxf4 13. Rxf4 Nc7 14. Qd3 Ne6 15. Rf2 Qg5 16. Rf5 Qh4 17. Raf1 g6 18. R5f2 b6 19. e5 d5 20. Nxd5 cxd5 21.
Bxd5 Ba6 22. Qf3 Rad8 23. c3 Ng5 0-1

[Event "Early-Titled-Tuesday-Blitz-October-17-2023"]
[Site "Chess.com"]
[Date "2023.10.17"]
[Round "4"]
[White "Mourinho_Jose"]
[Black "whiteglovethief"]
[Result "0-1"]
[WhiteElo "2513"]
[BlackElo "2674"]
[TimeControl "180+1"]
[EndTime "8:38:59 PDT"]
[Termination "whiteglovethief won by resignation"]

1. Nf3 d5 2. g3 Bf5 3. Bg2 Nf6 4. c4 e6 5. O-O Nbd7 6. d3 h6 7. Nc3 c6 8. Be3 Be7 9. Qb3 Qc8 10. Rac1 O-O 11.
cxd5 exd5 12. Nd4 Bg4 13. h3 Nc5 14. Nxc6 bxc6 15. Bxc5 Bxc5 16. hxg4 Qxg4 17. Nxd5 Bxf2+ 18. Rxf2 cxd5 19. Kh2 Qg5 20. Rf4 Nh5 21. Qxd5 Qxg3+ 22. Kh1 Nxf4 0-1

[Event "Early-Titled-Tuesday-Blitz-October-17-2023"]
[Site "Chess.com"]
[Date "2023.10.17"]
[Round "4"]
[White "Makswolf200817"]
[Black "Fan_Of_Chucky"]
[Result "0-1"]
[WhiteElo "2686"]
[BlackElo "2488"]
[TimeControl "180+1"]
[EndTime "8:39:01 PDT"]
[Termination "Fan_Of_Chucky won on time"]

1. Nf3 Nf6 2. c4 c5 3. d4 cxd4 4. Nxd4 e5 5. Nb5 d5 6. cxd5 Bc5 7. e3 O-O 8. Bc4 a6 9. N5c3 b5 10. Bb3 e4 11. Nd2 Re8 12. Qc2 Bf5 13. Nxb5 Bxe3 14.
fxe3 axb5 15. O-O Bg6 0-1

[Event "Early-Titled-Tuesday-Blitz-October-17-2023"]
[Site "Chess.com"]
[Date "2023.10.17"]
[Round "4"]
[White "slorovel"]
[Black "GMJustin"]
[Result "1-0"]
[WhiteElo "2465"]
[BlackElo "2173"]
[TimeControl "180+1"]
[EndTime "8:39:02 PDT"]
[Termination "slorovel won on time"]

1. e4 c5 2. Nf3 Nc6 3. Bb5 e6 4. O-O Nge7 5. Re1 a6 6. Bf1 d5 7. exd5 Nxd5 8. d4 cxd4 9. Nxd4 Bd7 10. c4 Nf6 11. Nf5 Qc7 12. Nc3 O-O-O 13. Ne3 Bc5 14. Bd2 Ne5 15. h3 Bc6 16. Qe2 Nd3 17. Reb1 Nf4 18.
Qe1 Nd3 19. Bxd3 Rxd3 20. b4 Bd4 21. b5 Be4 22. bxa6 bxa6 23. Nxe4 Nxe4 24. Ba5 Qf4 25. Qb4 Qxf2+ 26. Kh1 Ng3+ 27. Kh2 1-0

[Event "Early-Titled-Tuesday-Blitz-October-17-2023"]
[Site "Chess.com"]
[Date "2023.10.17"]
[Round "4"]
[White "Irina_Mikhaylova"]
[Black "dianamirza"]
[Result "1-0"]
[WhiteElo "2305"]
[BlackElo "2021"]
[TimeControl "180+1"]
[EndTime "8:39:04 PDT"]
[Termination "Irina_Mikhaylova won by resignation"]

1. Nf3 d5 2. c4 c6 3. cxd5 cxd5 4. d4 Nc6 5. Nc3 Nf6 6. Bf4 Bf5 7. e3 e6 8. Qb3 Qb6 9. Bb5 Be7 10. Ne5 Rc8 11.
O-O O-O 12. Na4 Qa5 13. Bxc6 bxc6 14. Rfc1 c5 15. dxc5 Bxc5 16. a3 Ne4 17. Nxc5 Nxc5 18. Qd1 Qb5 19. b4 Nd3 20. Nxd3 Qxd3 21. Qxd3 Bxd3 22.
Bd6 Rfd8 23. Be7 Re8 24. Bc5 Rc7 25. Rc3 Rec8 26. Rxd3 f6 27. f4 Kf7 28. f5 e5 29.
Rxd5 1-0